 Dungeon Crawl Stone Soup version 0.26-a0-667-g92642533e4 (webtiles) character file.

Game seed: 6139173271670812179

11 jasper the Sneak (level 2, -9/24 HPs)
             Began as a Demonspawn Delver on Oct 18, 2020.
             Was an Initiate of Nemelex Xobeh.
             Killed by divine providence
             ... invoked by an orc priest
              (14 damage)
             ... on level 4 of the Dungeon.
             The game lasted 00:01:19 (347 turns).

jasper the Sneak (Demonspawn Delver)                 Turns: 347, Time: 00:01:20

Health: -9/24      AC:  3    Str: 12    XL:     2   Next: 13%
Magic:  2/2        EV: 12    Int: 11    God:    Nemelex Xobeh [......]
Gold:   33         SH:  0    Dex: 14    Spells: 1/1 levels left

rFire    . . .     SeeInvis .   a - +0 hand axe
rCold    . . .     Faith    .   (no shield)
rNeg     . . .     Spirit   .   b - +0 leather armour
rPois    .         Reflect  .   (no helmet)
rElec    .         Harm     .   (no cloak)
rCorr    .         Rampage  .   (no gloves)
MR       .....                  (no boots)
Stlth    ++........             (no amulet)
HPRegen  0.08/turn              (no ring)
MPRegen  0.08/turn              (no ring)

@: no status effects
A: demonic guardian 1
a: Draw Escape, Draw Destruction, Draw Summoning, Renounce Religion


You were on level 4 of the Dungeon.
You worshipped Nemelex Xobeh.
Nemelex Xobeh was noncommittal.
You visited 1 branch of the dungeon, and saw 4 of its levels.

You collected 33 gold pieces.

Inventory:

Hand Weapons
 a - a +0 hand axe (weapon)
Missiles
 h - 9 stones (quivered)
 j - 15 bolts
Armour
 b - a +0 leather armour (worn)
Wands
 g - a wand of digging (3)
Scrolls
 c - a scroll of fog
 d - a scroll of magic mapping
 e - a scroll of fear
 i - a scroll of identify {unknown}
Potions
 f - a potion of haste


   Skills:
 + Level 3.1 Fighting
 * Level 2.1 Axes
 + Level 0.4 Armour
 - Level 1.7 Dodging
 - Level 4.5 Stealth
 + Level 1.0 Invocations


You had one spell level left.
You didn't know any spells.
Your spell library was empty.

Dungeon Overview and Level Annotations

Branches:
Dungeon (6/15)
 Temple: D:4-7

Altars:
Nemelex Xobeh

Annotations:
D:3 1 exclusion, Ijyb


Innate Abilities, Weirdness & Mutations

A weak demonic guardian rushes to your aid.


Message History

The orc shouts!
The orc wizard shouts! x2
The ooze quivers.
Found a buckler and 23 sling bullets.
There is a stone staircase leading up here.
Unknown command.
The ooze hits you but does no damage. The worm bites you!
* * * LOW HITPOINT WARNING * * *
You take 7 damage, and have 5/24 hp.
MASSIVE DAMAGE!!
Unknown command.
You swap places.
The ooze closely misses you.
Your iron imp hits the ooze!
The orc wizard casts a spell.
The orc wizard blinks!
Something bites your iron imp but does no damage.
Unknown command.
The orc priest calls down the wrath of Beogh upon you.
Beogh smites you!
Ouch! That really hurt!
You die...
Your body disappears without a glow.

############
#...........#
#. #........#
#.##'##+#####
#.......###


You could see an orc priest, 2 orc wizards, an ooze and 2 orcs.

Vanquished Creatures
  An adder skeleton (D:3)
  3 hobgoblins (D:3)
  A quokka (D:5)
  A frilled lizard (D:3)
  A goblin (D:3)
  A kobold (D:3)
8 creatures vanquished.

Notes
Turn   | Place    | Note
-------+----------+-------------------------------------------
     0 | D:5      | jasper the Demonspawn Delver began the quest for the Orb.
     0 | D:5      | Reached XP level 1. HP: 18/18 MP: 1/1
     2 | D:5      | Found a sparkling altar of Nemelex Xobeh.
    11 | D:5      | Became a worshipper of Nemelex Xobeh the Trickster
    23 | D:6      | Noticed a sky beast
    23 | D:6      | Noticed a hound
    36 | D:5      | Noticed an orc wizard
   154 | D:3      | Noticed Ijyb
   169 | D:3      | Gained mutation: A weak demonic guardian rushes to your
                  | aid. [demonic ancestry]
   169 | D:3      | Reached XP level 2. HP: 22/24 MP: 2/2
   306 | D:3      | Reached skill level 1 in Invocations
   347 | D:4      | Killed from afar by an orc priest

Illustrated notes

Levels and vault maps discovered:
D:3:      minmay_inner_zag, layout_basic, serial_corexii_hall,
          chequers_hall_statues_corner_a, chequers_hall_statues_corner_a,
          uniq_ijyb
D:4:      cheibrodos_barr_body, layout_basic, old_standard_altar, serial_curves,
          eino_curves_03, eino_curves_02, lexackson_kobold_supper
D:5:      layout_cave_pods, nicolae_overflow_hidden_temple, serial_shops,
          shop_fountains, nicolae_ru_the_path_less_chosen
D:6:      layout_basic, nicolae_overflow_crystal_walls,
          gammafunk_ghost_mausoleum, grunt_decor_one_mirror, uniq_grinder

Skill      XL: |  1  2 |
---------------+-------+-----
Axes           | 2 |  2.1
Invocations    | 1 |  1.0
Fighting       | |  3.1
Armour         | |  0.4
Dodging        | |  1.7
Stealth        | |  4.5

Action                   || total
-------------------------++-------
Melee: Hand axe          ||    18
Throw: Stone             ||    22
 Stab: Sleeping          ||     1
Armor: Leather armour    ||     4
Dodge: Dodged            ||    10

Table legend: (Time is in decaauts)
 A = Elapsed time spent in this place.
 B = Non-inter-level travel time spent in this place.
 C = Inter-level travel time spent in this place.
 D = Time resting spent in this place.
 E = Time spent auto-exploring this place.
 F = Levels seen in this place.
 G = Mean time per level.
                   A        B        C        D        E       F      G
               +--------+--------+--------+--------+--------+-----+--------+
         Total |    352 |    352 |      0 |     44 |    116 |   4 |   88.0 |
       Dungeon |    352 |    352 |      0 |     44 |    116 |   4 |   88.0 |
               +--------+--------+--------+--------+--------+-----+--------+

Top non-repeatable levels by time:
     D:3: 270 daAuts
     D:5: 64 daAuts
     D:4: 15 daAuts
     D:6: 3 daAuts
